 Dungeon Crawl Stone Soup version 0.23.2-33-g5129a83184 (webtiles) character file.

Game seed: 5802894697882839913

18123 funkygono the Basher (level 12, -5/92 HPs)
             Began as a Formicid Fighter on July 22, 2019.
             Was a Believer of the Shining One.
             Slain by a catoblepas (9 damage)
             ... while petrified by you
             ... on level 4 of the Lair of Beasts on July 23, 2019.
             The game lasted 00:45:20 (14523 turns).

funkygono the Basher (Formicid Fighter)            Turns: 14523, Time: 00:45:20

Health: -5/92      AC: 18    Str: 28    XL:     12   Next: 91%
Magic:  20/20      EV:  2    Int: 13    God:    the Shining One [**....]
Gold:   900        SH:  0    Dex: 17    Spells: 13/21 levels left

rFire    + . .     SeeInvis +   i - +2 whip (freeze)
rCold    . . .     Gourm    .   c - +1 shield
rNeg     + + +     Faith    .   a - +2 scale mail {rF+}
rPois    ∞         Spirit   .   (helmet unavailable)
rElec    .         Reflect  .   g - +1 cloak
rCorr    .         Harm     .   w - +1 pair of gloves
MR       ++...                  (no boots)
Stlth    +.........             v - amulet "Ustuts" {Acrobat rN+ MR+ Int+3}
HPRegen  0.25/turn              F - +6 ring of dexterity
MPRegen  0.17/turn              x - +3 ring of protection

@: mighty, petrified, glowing
A: permanent stasis, dig shafts and tunnels, four strong arms, antennae 3
a: Dig, Shaft Self, Divine Shield, Renounce Religion


You were on level 4 of the Lair of Beasts.
You worshipped the Shining One.
The Shining One was pleased with you.
You were not hungry.

You visited 3 branches of the dungeon, and saw 15 of its levels.

You collected 965 gold pieces.
You spent 65 gold pieces at shops.

Inventory:

Hand Weapons
 i - a +2 whip of freezing (weapon)
 t - a +3 great mace of holy wrath
 D - a +3 mace of protection
Missiles
 e - 199 stones (quivered)
 j - 143 sling bullets
 z - 68 arrows
Armour
 a - a +2 scale mail of fire resistance (worn)
 c - a +1 shield (worn)
 g - a +1 cloak (worn)
 k - a +0 chain mail
 w - a +1 pair of gloves (worn)
 y - a +0 ring mail of fire resistance
 I - a +0 pair of boots
Magical Staves
 u - an uncursed staff of wizardry
Jewellery
 b - a +2 ring of strength
 q - a +3 ring of intelligence
 v - the amulet "Ustuts" (around neck) {Acrobat rN+ MR+ Int+3}
   (You acquired it on level 3 of the Lair of Beasts)

   [amulet of the acrobat]

   It helps you evade while moving and waiting.
   It affects your intelligence (+3).
   It protects you from negative energy.
   It affects your resistance to hostile enchantments.
 x - a +3 ring of protection (right hand)
 C - an uncursed ring of wizardry
 F - a +6 ring of dexterity (left hand)
Wands
 r - a wand of disintegration (11)
Scrolls
 m - 7 scrolls of remove curse
 n - 7 scrolls of identify
 p - a scroll of enchant armour
 A - 2 scrolls of fear
 G - 2 scrolls of magic mapping
Potions
 d - 2 potions of might
 h - 4 potions of lignification
 l - a potion of curing
 o - 2 potions of ambrosia
 s - a potion of agility
 B - 3 potions of mutation
 E - a potion of magic
 H - 2 potions of brilliance
Comestibles
 f - 18 rations


   Skills:
 + Level 8.0 Fighting
 + Level 11.1 Maces & Flails
 + Level 8.9 Armour
 + Level 3.4 Dodging
 + Level 1.5 Stealth
 + Level 10.6 Shields
 + Level 5.3 Spellcasting
 + Level 2.5 Conjurations
 + Level 6.6 Transmutations
 + Level 2.3 Ice Magic
 + Level 2.0 Poison Magic
 * Level 4.7 Invocations


You had 13 spell levels left.
You knew the following spells:

 Your Spells              Type           Power        Failure   Level  Hunger
a - Beastly Appendage     Tmut           ###...       2%          1    None
b - Sticks to Snakes      Tmut           ###.....     3%          2    ##.....
c - Spider Form           Tmut/Pois      ##........   17%         3    ###....
d - Throw Frost           Conj/Ice       #.....       19%         2    ##.....

Your spell library contained the following spells:

 Spells                   Type           Power        Failure   Level  Hunger
 Freeze                   Ice            #...         14%         1    None
 Animate Skeleton         Necr           N/A          34%         1    None
 Pain                     Necr           #...         34%         1    None
 Ice Form                 Ice/Tmut       ###.....     50%         4    ####...
 Ozocubu's Armour         Chrm/Ice       #.......     54%         3    ###....
 Blade Hands              Tmut           ###.......   54%         5    ######.
 Regeneration             Chrm/Necr      #.........   71%         3    ###....
 Vampiric Draining        Necr           #.........   71%         3    ###....
 Throw Icicle             Conj/Ice       #.......     77%         4    ####...
 Summon Ice Beast         Ice/Summ       #.......     91%         4    ####...
 Animate Dead             Necr           N/A          98%         4    ####...


Dungeon Overview and Level Annotations

Branches:
Dungeon (10/15)            Temple (1/1) D:5            Lair (4/6) D:10
 Shoals (0/4) Lair:3        Snake (0/4) Lair:2
    Orc: D:9-12

Altars:
Ashenzari
Cheibriados
Dithmenos
Elyvilon
Fedhas
Gozag
Hepliaklqana
Kikubaaqudgha
Makhleb
Nemelex Xobeh
Okawaru
Qazlal
Ru
Sif Muna
Trog
Uskayaw
Vehumet
Wu Jian
Xom
Yredelemnul
Zin
The Shining One

Shops:
D:4 !   D:7 =

Annotations:
D:4 2 transporters, MaxwellSilver's ghost, amateur MiFi


Innate Abilities, Weirdness & Mutations

You cannot be hasted, slowed, berserked, paralysed or teleported.
You can dig through walls and to a lower floor.
Your four strong arms can wield two-handed weapons with a shield.
You have a pair of large antennae on your head. (SInv)


Message History

The catoblepas breathes a plume of calcifying dust at you.
The blast of calcifying dust hits you but does no damage.
You are engulfed in calcifying dust.
The catoblepas breathes a plume of calcifying dust at you.
The blast of calcifying dust hits you but does no damage.
You are engulfed in calcifying dust.
The catoblepas gores you but does no damage.
You are engulfed in calcifying dust.
The catoblepas gores you!
* * * LOW HITPOINT WARNING * * *
The catoblepas breathes a plume of calcifying dust at you.
The blast of calcifying dust hits you but does no damage.
You are engulfed in calcifying dust.
The catoblepas gores you but does no damage.
You are engulfed in calcifying dust.
The catoblepas breathes a plume of calcifying dust at you.
The blast of calcifying dust hits the manticore!
The blast of calcifying dust hits you but does no damage.
The catoblepas gores you but does no damage.
You are engulfed in calcifying dust.
The catoblepas gores you!!
You die...

......P.P.♣.## ##.......#
...........## ##........
..........P.# #........#### #
...........## #........#...# #.
P.....P..♣## #........#.Y≈≈###≈≈
...P.♣.♣..# #.......#.≈..≈.≈..
........#.## #.......##≈.......
.......[..P# ####.......##≈.≈≈≈.≈
#..........###§#@§H§.Y...Y..≈<≈..
....>.......###.Y#......##≈.≈≈≈.≈
.......................##≈.......
............##........?#.≈..≈.≈..
............###P##P....#.$≈≈###≈≈
#..........P# ####....##H..# #.
###........## #.P.P##### #
#.........P## ######
#...>.......#


You could see a catoblepas and a manticore (petrifying).

Vanquished Creatures
  3 hydras
  3 death yaks (Lair:3)
  2 two-headed ogres (D:8)
  Pikel (D:4)
  5 black mambas
  3 spiny frogs
  2 komodo dragons
  2 trolls (D:10)
  A hornet (D:10)
  A polar bear (Lair:4)
  A slime creature (D:8)
  A hippogriff (Lair:3)
  A spriggan (Lair:4)
  4 hogs (D:7)
  A human (D:7)
  11 yaks
  Menkaure (D:6)
  3 nagas (Lair:2)
  2 water moccasins (Lair:2)
  4 porcupines
  A hornet zombie (D:8)
  2 ice beasts
  3 orc warriors
  2 slaves (D:4)
  A black bear (Lair:3)
  A necrophage (D:9)
  2 sky beasts
  2 ogres
  4 centaurs
  3 wolves (Lair:2)
  5 crocodiles
  2 big kobolds
  7 bullfrogs
  A wyvern zombie (D:9)
  A scorpion (D:8)
  5 killer bees (D:8)
  4 howler monkeys
  An electric eel (Lair:4)
  4 crimson imps
  2 bullfrog zombies
  A centaur zombie (D:8)
  2 jellies (D:9)
  8 orc wizards
  A quasit (D:9)
  3 centaur skeletons
  8 hounds
  6 bullfrog skeletons
  Natasha (thrice) (D:3)
  3 iguanas
  6 worker ants
  A hound skeleton (D:9)
  16 gnolls
  4 adders
  An ooze (D:3)
  An adder skeleton (D:8)
  3 worms
  4 dart slugs
  8 leopard geckos
  16 orcs
  11 giant cockroaches
  10 goblins
  11 hobgoblins
  14 jackals
  4 quokkas
  7 bats
  6 frilled lizards
  20 kobolds
  A leopard gecko skeleton (D:4)
  A leopard gecko zombie (D:6)
  A quokka skeleton (D:5)
  6 rats
  10 fungi (D:10)
  5 plants
307 creatures vanquished.

Vanquished Creatures (collateral kills)
  A spiny frog (Lair:1)
1 creature vanquished.

Vanquished Creatures (others)
  A manticore (Lair:4)
  A worker ant (D:5)
  An iguana (D:5)
  2 gnolls (D:5)
  4 fungi
  3 plants
12 creatures vanquished.

Grand Total: 320 creatures vanquished

Notes
Turn   | Place    | Note
-------+----------+-------------------------------------------
     0 | D:1      | funkygono the Formicid Fighter began the quest for the Orb.
     0 | D:1      | Reached XP level 1. HP: 18/18 MP: 1/1
   116 | D:1      | Reached XP level 2. HP: 21/24 MP: 2/2
   443 | D:1      | Reached XP level 3. HP: 24/29 MP: 3/3
   716 | D:2      | Found an ancient bone altar of Kikubaaqudgha.
   764 | D:2      | Found a deep blue altar of Sif Muna.
   912 | D:2      | Found a bloodstained altar of Trog.
   926 | D:2      | Reached XP level 4. HP: 36/36 MP: 4/4
   974 | D:2      | Found a hazy altar of Hepliaklqana.
  1625 | D:3      | Reached skill level 3 in Maces & Flails
  1724 | D:3      | Reached XP level 5. HP: 29/42 MP: 5/5
  2074 | D:3      | Noticed Natasha
  2086 | D:3      | Killed Natasha
  2216 | D:3      | Found a glowing silver altar of Zin.
  2253 | D:3      | Found an ornate altar of the Wu Jian Council.
  2456 | D:3      | Noticed Natasha
  2477 | D:3      | Killed Natasha
  2477 | D:3      | Reached skill level 4 in Maces & Flails
  2477 | D:3      | Reached XP level 6. HP: 30/48 MP: 6/6
  2636 | D:3      | Noticed Natasha
  2646 | D:3      | Killed Natasha
  2941 | D:4      | Found a transporter.
  2989 | D:4      | Noticed MaxwellSilver's ghost (amateur MiFi)
  2991 | D:4      | Found a transporter.
  3205 | D:4      | Found Xeucauptoa's Distillery.
  3212 | D:4      | Bought a potion of heal wounds for 65 gold pieces
  3290 | D:4      | Reached XP level 7. HP: 47/54 MP: 7/7
  3355 | D:5      | Entered Level 5 of the Dungeon
  3355 | D:5      | Noticed Pikel
  3499 | D:4      | Killed Pikel
  3499 | D:4      | Reached skill level 5 in Maces & Flails
  3499 | D:4      | Reached skill level 5 in Armour
  3499 | D:4      | Reached skill level 1 in Dodging
  3499 | D:4      | Reached skill level 5 in Shields
  3499 | D:4      | Reached XP level 8. HP: 44/61 MP: 8/8
  3989 | D:5      | Found a staircase to the Ecumenical Temple.
  3998 | Temple   | Entered the Ecumenical Temple
  4052 | Temple   | Became a worshipper of the Shining One
  4244 | D:5      | Reached skill level 6 in Maces & Flails
  4411 | D:5      | Reached skill level 5 in Fighting
  4890 | D:6      | Learned a level 1 spell: Beastly Appendage
  4943 | D:6      | Found a sacrificial altar of Ru.
  5253 | D:6      | Noticed Menkaure
  5261 | D:6      | Killed Menkaure
  5261 | D:6      | Reached XP level 9. HP: 49/68 MP: 9/9
  5360 | D:6      | Found a sparkling altar of Nemelex Xobeh.
  5367 | D:6      | Reached skill level 1 in Spellcasting
  5367 | D:6      | Reached skill level 1 in Transmutations
  5614 | D:6      | Found a white marble altar of Elyvilon.
  5617 | D:6      | Found a shadowy altar of Dithmenos.
  5620 | D:6      | Found a basalt altar of Yredelemnul.
  5667 | D:6      | Reached skill level 7 in Maces & Flails
  5843 | D:6      | Found a stormy altar of Qazlal.
  6325 | D:7      | Found Jikle's Jewellery Shop.
  6395 | D:7      | Reached * piety under the Shining One
  6818 | D:7      | Reached XP level 10. HP: 61/76 MP: 13/13
  7189 | D:7      | Found a hide-covered altar of Uskayaw.
  7256 | D:8      | Noticed a two-headed ogre
  7318 | D:8      | Killed a two-headed ogre
  7318 | D:8      | Reached skill level 8 in Maces & Flails
  7318 | D:8      | Reached skill level 1 in Stealth
  7537 | D:8      | Noticed a two-headed ogre
  7548 | D:8      | Killed a two-headed ogre
  7548 | D:8      | Reached skill level 5 in Transmutations
  7556 | D:8      | Learned a level 2 spell: Sticks to Snakes
  7822 | D:8      | Reached ** piety under the Shining One
  8057 | D:8      | Learned a level 3 spell: Spider Form
  8221 | D:9      | Reached skill level 9 in Maces & Flails
  8267 | D:9      | Learned a level 2 spell: Throw Frost
  8329 | D:9      | Reached XP level 11. HP: 83/83 MP: 9/17
  8343 | D:9      | Reached skill level 1 in Poison Magic
  8792 | D:10     | Entered Level 10 of the Dungeon
  8938 | D:10     | Reached skill level 1 in Conjurations
  8938 | D:10     | Reached skill level 1 in Ice Magic
  9568 | D:10     | Found a staircase to the Lair.
 10113 | Lair:1   | Entered Level 1 of the Lair of Beasts
 10451 | Lair:1   | Noticed a five-headed hydra
 10465 | Lair:1   | Killed a five-headed hydra
 10908 | Lair:1   | Reached skill level 10 in Maces & Flails
 11512 | Lair:2   | Found a staircase to the Snake Pit.
 11530 | Lair:2   | Reached skill level 1 in Invocations
 11536 | Lair:2   | Reached skill level 5 in Spellcasting
 11721 | Lair:2   | Reached XP level 12. HP: 91/91 MP: 15/19
 12466 | Lair:3   | Found a staircase to the Shoals.
 12558 | Lair:3   | Noticed a six-headed hydra
 12565 | Lair:3   | Killed a six-headed hydra
 12641 | Lair:3   | Noticed a death yak
 12643 | Lair:3   | Noticed a death yak
 12643 | Lair:3   | Noticed a death yak
 12669 | Lair:3   | Killed a death yak
 12669 | Lair:3   | Reached skill level 10 in Shields
 12681 | Lair:3   | Killed a death yak
 12688 | Lair:3   | Killed a death yak
 13302 | Lair:3   | Reached skill level 11 in Maces & Flails
 13314 | Lair:3   | Noticed a seven-headed hydra
 13324 | Lair:3   | Killed a seven-headed hydra
 13576 | Lair:3   | Identified 2 scrolls of acquirement
 13577 | Lair:3   | Got a vibrating lead amulet
 13578 | Lair:3   | Identified the amulet "Ustuts" {Acrobat rN+ MR+ Int+3} (You
                  | acquired it on level 3 of the Lair of Beasts)
 13611 | Lair:4   | Noticed a catoblepas
 13611 | Lair:4   | Noticed a catoblepas
 14519 | Lair:4   | HP: 3/92 [catoblepas (3)]
 14523 | Lair:4   | Slain by a catoblepas

Skill      XL: |  1  2  3  4  5  6  7  8  9 10 11 12 |
---------------+-------------------------------------+-----
Shields        | 4 5 6 7 8 9 10 | 10.6
Armour         | 4 5 6 7 8 |  8.9
Maces & Flails | 3 4 5 6 7 9 10 11 | 11.1
Fighting       | 4 5 6 7 8 |  8.0
Dodging        | 1 2 3 |  3.4
Spellcasting   | 2 4 5 |  5.3
Transmutations | 3 5 6 |  6.6
Stealth        | 1 |  1.5
Poison Magic   | 2 |  2.0
Conjurations   | 2 |  2.5
Ice Magic      | 2 |  2.3
Invocations    | 1 4 |  4.7

Action                   |  1- 3 |  4- 6 |  7- 9 | 10-12 || total
-------------------------+-------+-------+-------+-------++-------
Melee: Flail             |   124 |   273 |    66 |       ||   463
       Whip              |       |       |   324 |   157 ||   481
       Mace              |       |       |       |   742 ||   742
       Kick              |       |       |       |   163 ||   163
 Cast: Beastly Appendage |       |       |       |    45 ||    45
       Sticks to Snakes  |       |       |       |    20 ||    20
       Throw Frost       |       |       |       |    16 ||    16
Invok: Divine Shield     |       |       |       |    10 ||    10
 Abil: Dig               |       |       |       |     6 ||     6
  Use: Scroll            |     2 |     6 |    10 |    11 ||    29
       Potion            |       |       |     1 |     6 ||     7
  Eat: Chunk             |       |     9 |     8 |    19 ||    36
       Ration            |       |       |     1 |     3 ||     4
Armor: Scale mail        |    29 |       |       |    49 ||    78
       Chain mail        |    33 |   129 |   142 |   218 ||   522
Dodge: Dodged            |    38 |    74 |    98 |   181 ||   391
Block: Shield            |    57 |   159 |   204 |   441 ||   861
